 Dungeon Crawl Stone Soup version 0.17-a0-910-ga669010 (webtiles) character file.

8658 hornqvist the Cleaver (level 11, -10/67 HPs)
             Began as a Formicid Fighter on May 2, 2015.
             Was an Initiate of Gozag.
             Mangled by a hill giant
             ... wielding a +0 giant club
              (31 damage)
             ... on level 10 of the Dungeon.
             The game lasted 00:13:02 (12081 turns).

hornqvist the Cleaver (Formicid Fighter)           Turns: 12081, Time: 00:13:03

Health: -10/67     AC: 17    Str: 25      XL:     11   Next: 59%
Magic:  6/6        EV:  9    Int:  5      God:    Gozag
Gold:   777        SH: 12    Dex: 11 (12) Spells: 0 memorised, 10 levels left

rFire  . . .     SeeInvis +     v - +2 war axe (antimagic)
rCold  . . .     Clarity  .     w - +3 plate armour "Ahut" {rPois rCorr Int-4 Stlth+}
rNeg   . . .     SustAb   .     J - +0 shield
rPois  +         Gourm    .     (helmet unavailable)
rElec  .         Spirit   .     F - +2 cloak
rCorr  +         Warding  .     (no gloves)
rMut   .         Stasis   +     (no boots)
MR     ++...                    (no amulet)
Stlth  ..........               a - ring of Erphemak {MR+ Str+2}
                                x - ring of magical power

@: very resistant to hostile enchantments, extremely unstealthy
A: permanent stasis, dig shafts and tunnels, four strong arms, antennae 3, agile
1, deterioration 1, frail 1
a: Dig, Shaft Self, Potion Petition, Call Merchant, Bribe Branch, Renounce
Religion


You were on level 10 of the Dungeon.
You worshipped Gozag.
Gozag was noncommittal.
You were not hungry.

You visited 2 branches of the dungeon, and saw 11 of its levels.

You collected 936 gold pieces.
You paid 159 gold pieces to Gozag.

Inventory:

Hand weapons
 v - a +2 antimagic war axe (weapon)
Armour
 w - the +3 plate armour "Ahut" (worn) {rPois rCorr Int-4 Stlth+}
   (You found it on level 7 of the Dungeon)

   It affects your intelligence (-4).
   It protects you from poison.
   It protects you from acid and corrosion.
   It makes you more stealthy.
 F - a +2 cloak (worn)
 J - a +0 shield (worn)
Jewellery
 a - the ring of Erphemak (right hand) {MR+ Str+2}
   (You took it off a big kobold on level 7 of the Dungeon)

   [ring of protection from magic]

   It affects your strength (+2).
   It affects your resistance to hostile enchantments.
 x - a ring of magical power (left hand)
 E - an uncursed ring of fire
 L - an uncursed ring of ice
Magical devices
 d - a wand of fireball (12)
 B - a wand of digging (6)
Scrolls
 i - 10 scrolls of identify
 q - 2 scrolls of noise
 r - a scroll of enchant armour
 t - 5 scrolls of teleportation
 y - a scroll of fear
 z - 2 scrolls of remove curse
Potions
 k - a potion of mutation
 A - a potion of flight
 K - a potion of curing
Books
 M - a book of the Dragon

   Spells                             Type                      Level
   a - Flight                         Charms/Air                   3
   b - Cause Fear                     Hexes                        4
   c - Bolt of Fire                   Conjuration/Fire             6
   d - Dragon Form                    Transmutation                7
   e - Dragon's Call                  Summoning                    9
Comestibles
 e - 6 bread rations
 l - 2 meat rations


   Skills:
 - Level 3.2 Fighting
 * Level 12.3 Axes
 - Level 3.2 Armour
 + Level 7.8 Dodging
 + Level 10.8 Shields


You had 10 spell levels left.
You didn't know any spells.

Dungeon Overview and Level Annotations

Branches:
Dungeon (10/15)            Temple (1/1) D:7
   Lair: D:8-11         Orc: D:9-12

Altars:
Ashenzari
Cheibriados
Dithmenos
Elyvilon
Fedhas
Gozag
Kikubaaqudgha
Makhleb
Nemelex Xobeh
Okawaru
Qazlal
Ru
Sif Muna
Trog
Vehumet
Xom
Yredelemnul
Zin
The Shining One


Innate Abilities, Weirdness & Mutations

You are under a permanent stasis effect.
You can dig through walls and to a lower floor.
Your four strong arms can wield two-handed weapons with a shield.
You have a pair of large antennae on your head (SInv).
You are agile. (Dex +2)
Your body sometimes deteriorates upon taking damage.
You are frail (-10% HP).


Message History

You regained 8 hp, and now have 46/67 hp.
A hill giant is nearby!
A hill giant is nearby!
The hill giant shouts!
The hill giant hits you with a giant club!
* * * LOW HITPOINT WARNING * * *
You take 16 damage, and have 30/67 hp.
MASSIVE DAMAGE!!
You hit the hill giant. You barely miss the hill giant.
The hill giant hits you with a giant club!
* * * LOW HITPOINT WARNING * * *
You take 10 damage, and have 21/67 hp.
You slash the hill giant! The hill giant misses you.
You hit the hill giant.
Drink which item? (? for menu, Esc to quit)
Okay, then.
You hit the hill giant.
The hill giant hits you with a giant club!!
You die...
Your body crumbles into a pile of gold.

.## #>....## ..# #.<## ########
#.# ##... .........)#(#..$(....#
##....'......
.......#..(.....@C###..####......
#'########.(..........## ####'##
. #...(....##### #.# ####$#####
#.## #####$..###### ###.#.
#........?....# #..((.
#....$........ ###.#...
#{............. #.....#.
#.............. #[#..##.


You could see a hill giant.

Vanquished Creatures
  A centaur warrior (D:9)
  Erica (D:8)
  A wizard (D:10)
  A cyclops (D:7)
  2 centaur skeletons (D:10)
  2 two-headed ogres (D:10)
  A wyvern (D:9)
  Sigmund (D:6)
  A shadow (D:10)
  A deep elf mage (D:10)
  Grum (D:8)
  2 hippogriffs
  A hungry ghost (D:7)
  3 wolves (D:8)
  5 orc warriors
  Duvessa (D:5)
  A phantom (D:7)
  A wasp (D:7)
  A centaur (D:10)
  2 ogres
  2 black bears
  3 eyes of draining
  4 sky beasts
  A big kobold (D:7)
  Blork the orc (D:6)
  6 giant frogs
  A killer bee (D:7)
  2 scorpions (D:4)
  Dowan (D:5)
  3 wights (D:8)
  5 crimson imps
  3 orc priests
  3 giant frog skeletons
  3 jellies
  3 iguanas
  10 orc wizards
  6 hounds
  7 worker ants
  14 adders
  4 gnolls
  2 shadow imps
  An adder zombie (D:8)
  2 worms
  10 giant geckos
  47 orcs
  11 bats
  A bat skeleton (D:8)
  7 giant cockroaches
  13 goblins
  10 hobgoblins
  8 jackals
  19 kobolds
  7 quokkas
  8 giant newts
  2 giant spores
  A jackal skeleton (D:4)
  A quokka skeleton (D:5)
  A quokka zombie (D:10)
  14 rats
  12 ballistomycetes
289 creatures vanquished.

Vanquished Creatures (others)
  A giant spore (D:9)
  A ballistomycete (D:10)
2 creatures vanquished.

Grand Total: 291 creatures vanquished

Notes
Turn   | Place    | Note
--------------------------------------------------------------
     0 | D:1      | hornqvist, the Formicid Fighter, began the quest for the Orb.
     0 | D:1      | Reached XP level 1. HP: 18/18 MP: 1/1
   231 | D:1      | Reached XP level 2. HP: 16/24 MP: 2/2
   232 | D:1      | Reached skill level 1 in Dodging
   965 | D:2      | Reached XP level 3. HP: 29/29 MP: 3/3
  1351 | D:2      | Reached skill level 4 in Shields
  1351 | D:2      | Reached XP level 4. HP: 30/35 MP: 4/4
  1814 | D:2      | Reached XP level 5. HP: 41/41 MP: 5/5
  1846 | D:2      | Found a deep blue altar of Sif Muna.
  2551 | D:3      | Found an iron altar of Okawaru.
  2563 | D:3      | Reached XP level 6. HP: 20/47 MP: 6/6
  2719 | D:3      | Reached skill level 5 in Shields
  2910 | D:3      | Found a sparkling altar of Nemelex Xobeh.
  3135 | D:4      | Found a shadowy altar of Dithmenos.
  3147 | D:4      | Reached skill level 5 in Axes
  3150 | D:4      | Reached XP level 7. HP: 25/52 MP: 7/7
  3829 | D:4      | HP: 2/52 [poisoned by a scorpion]
  4141 | D:4      | Reached skill level 6 in Axes
  4380 | D:4      | Found a bloodstained altar of Trog.
  4395 | D:4      | Reached XP level 8. HP: 54/58 MP: 0/8
  4921 | D:5      | Entered Level 5 of the Dungeon
  5496 | D:5      | Noticed Dowan
  5501 | D:5      | Noticed Duvessa
  5510 | D:5      | Killed Dowan
  5514 | D:5      | Killed Duvessa
  5514 | D:5      | Reached skill level 7 in Axes
  5515 | D:5      | HP: 2/58 [poisoned by Dowan]
  5931 | D:6      | Noticed Sigmund
  5941 | D:6      | Killed Sigmund
  6056 | D:6      | Found a blossoming altar of Fedhas.
  6218 | D:6      | Reached XP level 9. HP: 41/64 MP: 4/9
  6423 | D:6      | Noticed Blork the orc
  6437 | D:6      | Killed Blork the orc
  6785 | D:6      | Reached skill level 8 in Axes
  7066 | D:7      | Reached skill level 5 in Dodging
  7874 | D:7      | Found a large runed door.
  7874 | D:7      | Found a large runed door.
  7881 | D:7      | Reached skill level 9 in Axes
  7905 | D:7      | Noticed a cyclops
  7913 | D:7      | Killed a cyclops
  8146 | D:7      | Found a staircase to the Ecumenical Temple.
  8161 | Temple   | Entered the Ecumenical Temple
  8307 | D:7      | Reached XP level 10. HP: 57/70 MP: 6/10
  8336 | D:7      | Found a large runed door.
  8336 | D:7      | Found a large runed door.
  8504 | D:7      | Got an ancient plate armour
  8515 | D:7      | Identified the +3 plate armour "Ahut" {rPois rCorr Int-4 Stlth+} (You found it on level 7 of the Dungeon)
  8848 | D:8      | Noticed Erica
  9060 | D:9      | Found an ancient bone altar of Kikubaaqudgha.
  9163 | D:9      | Reached skill level 10 in Axes
  9183 | D:9      | Found an opulent altar of Gozag.
  9190 | D:9      | Became a worshipper of Gozag Ym Sagoz the Greedy
  9212 | D:9      | Found a snail-covered altar of Cheibriados.
  9264 | D:9      | Found a sacrificial altar of Ru.
  9954 | D:8      | Killed Erica
 10356 | D:8      | Noticed Grum
 10368 | D:8      | Reached skill level 11 in Axes
 10375 | D:8      | Killed Grum
 10672 | D:8      | Reached skill level 10 in Shields
 10672 | D:8      | Reached XP level 11. HP: 21/75 MP: 6/11
 11124 | D:7      | Got a scorched ivory ring
 11137 | D:7      | Gained mutation: Your body sometimes deteriorates upon taking damage. [potion of mutation]
 11137 | D:7      | Gained mutation: You are frail (-10% HP). [potion of mutation]
 11137 | D:7      | Gained mutation: You are agile. (Dex +2) [potion of mutation]
 11356 | D:10     | Entered Level 10 of the Dungeon
 11369 | D:10     | Noticed a manticore
 11369 | D:10     | Noticed a purple ugly thing
 11369 | D:10     | Noticed a centaur warrior
 11369 | D:10     | Noticed a brown ugly thing
 11391 | D:9      | Killed a centaur warrior
 11786 | D:10     | Identified the ring of Erphemak {MR+ Str+2} (You took it off a big kobold on level 7 of the Dungeon)
 11888 | D:10     | Reached skill level 12 in Axes
 11945 | D:10     | Noticed a wizard
 11984 | D:10     | Killed a wizard
 12073 | D:10     | Noticed a hill giant
 12081 | D:10     | Mangled by a hill giant

Action                   |  1- 3 |  4- 6 |  7- 9 | 10-12 || total
-------------------------+-------+-------+-------+-------++-------
Melee: War axe           |    90 |   195 |   468 |   461 ||  1214
  Use: Potion            |       |       |     2 |    14 ||    16
       Scroll            |       |       |       |    14 ||    14
 Stab: Distracted        |       |       |       |     1 ||     1
  Eat: Chunk             |     1 |     7 |    13 |     3 ||    24
       Fruit             |       |       |     4 |       ||     4
       Beef jerky        |       |       |       |     2 ||     2
       Bread ration      |       |       |       |     2 ||     2
       Royal jelly       |       |       |       |     1 ||     1
       Pizza             |       |       |       |     1 ||     1
